[Event "FIDE Women World Blitz 2021"]
[Site "Warsaw"]
[Date "2021.12.29"]
[Round "2.6"]
[White "Pavlidou, Ekaterini"]
[Black "Michna, Marta"]
[Result "1-0"]
[ECO "A53"]
[WhiteElo "2177"]
[BlackElo "2312"]
[Annotator "NA"]
[PlyCount "77"]
[EventDate "2021.12.29"]
[EventType "swiss"]
[EventCountry "POL"]
[Tiebreak "Cut1 Buchholz"]
[SourceTitle "playchess.com"]
[Source "ChessBase"]
[SourceQuality "1"]
[TimeControl "180+2"]

1. d4 Nf6 2. c4 d6 3. Nc3 Nbd7 4. e4 e5 5. d5 Be7 6. g3 c6 7. Bg2 O-O 8. Nge2 a6 9. O-O cxd5 10. cxd5 b5 11. a3 Nb6 12. b3 Bd7 13. h3 a5 14. Be3 Qb8 15.
f4 b4 16. axb4 axb4 17. Rxa8 Nxa8 18. Na4 exf4 19. gxf4 Bb5 20. Bd4 Bd8 21. e5 Nh5 22. Kh2 Bh4 23. Rf3 Nc7 24. exd6 Nxd5 25. Bxg7 Nxg7 26. Qxd5 Bxe2 27. Re3 Bb5 28.
Nc5 Rd8 29. Ne4 Qa8 30. Qxb5 Qa2 31. Re2 Qa1 32. d7 Ne6 33. Ng5 Qf6 34. Nxe6 fxe6 35. Qe5 Qg6 36. f5 exf5 37. Bd5+ Kf8 38. Qh8+ Qg8 39. Qxg8# 1-0

[Event "FIDE Women World Blitz 2021"]
[Site "Warsaw"]
[Date "2021.12.29"]
[Round "2.7"]
[White "Balajayeva, Khanim"]
[Black "Bodnaruk, Anastasia"]
[Result "1-0"]
[ECO "B22"]
[WhiteElo "2369"]
[BlackElo "2396"]
[Annotator "NA"]
[PlyCount "73"]
[EventDate "2021.12.29"]
[EventType "swiss"]
[EventCountry "POL"]
[Tiebreak "Cut1 Buchholz"]
[SourceTitle "playchess.com"]
[Source "ChessBase"]
[SourceQuality "1"]
[TimeControl "180+2"]

1. e4 c5 2. c3 Nf6 3. e5 Nd5 4. Nf3 Nc6 5. Bc4 Nb6 6. Bb3 c4 7. Bc2 Qc7 8. O-O Nxe5 9. Nxe5 Qxe5 10. Re1 Qc7 11. Na3 a6 12. b3 e6 13. Nxc4 Nxc4 14. bxc4 Qxc4 15. Bb3 Qc7 16. Qg4 h5 17. Qf3 Be7 18. d4 d6 19. Bd2 Bd7 20. Rab1 h4 21. h3 O-O 22. Bc2 b5 23. Re2 g6 24. Rbe1 d5 25.
Re5 f5 26. Rxd5 exd5 27. Qxd5+ Kh8 28. Rxe7 Rad8 29. Bh6 Rfe8 30. Bg7+ Kh7 31. Be5+ Rxe7 32. Bxc7 Rc8 33. Be5 Rxc3 34. Bb3 Rc8 35. Bf6 Be6 36. Qd6 Rf7 37. Qxe6 1-0

[Event "FIDE Women World Blitz 2021"]
[Site "Warsaw"]
[Date "2021.12.29"]
[Round "2.7"]
[White "Smietanska, Wiktoria"]
[Black "Strutinskaia, Galina"]
[Result "1-0"]
[ECO "A21"]
[WhiteElo "1765"]
[BlackElo "2188"]
[Annotator "NA"]
[PlyCount "93"]
[EventDate "2021.12.29"]
[EventType "swiss"]
[EventCountry "POL"]
[Tiebreak "Cut1 Buchholz"]
[SourceTitle "playchess.com"]
[Source "ChessBase"]
[SourceQuality "1"]
[TimeControl "180+2"]

1. c4 e5 2. Nc3 Bb4 3. Nd5 Bc5 4. b4 Bf8 5. a3 a5 6. b5 c6 7. Nc3 d5 8. cxd5 cxd5 9. d4 e4 10. Qb3 Be6 11. Bf4 Nd7 12. e3 Nb6 13.
Be2 Nf6 14. f3 Rc8 15. fxe4 dxe4 16. Qb2 Bd6 17. Bxd6 Qxd6 18. a4 O-O 19. Qa3 Qc7 20. Rc1 Nbd5 21. Kd2 Qd7 22. Bd1 Nb4 23. Nge2 Nd3 24. Rc2 Nb4 25. Rc1 Rc7 26. Nf4 Rfc8 27. Bb3 Bxb3 28. Qxb3 h6 29. Na2 Nxa2 30. Qxa2 g5 31. Ne2 Nd5 32. Qb3 Nb4 33. Rxc7 Rxc7 34. Nc3 Qg4 35. Rg1 Qf5 36. Ke2 h5 37. Rf1 Qg4+ 38. Kf2 h4 39. Kg1 h3 40. g3 b6 41. Nd5 Nxd5 42. Qxd5 Rc2 43. Qxf7+ Kh8 44. Qf8+ Kh7 45. Rf7+ Kg6 46. Qg7+ Kh5 47. Qh7# 1-0

[Event "FIDE Women World Blitz 2021"]
[Site "Warsaw"]
[Date "2021.12.29"]
[Round "2.8"]
[White "Salimova, Nurgyul"]
[Black "Zatonskih, Anna"]
[Result "0-1"]
[ECO "D00"]
[WhiteElo "2353"]
[BlackElo "2394"]
[Annotator "NA"]
[PlyCount "58"]
[EventDate "2021.12.29"]
[EventType "swiss"]
[EventCountry "POL"]
[Tiebreak "Cut1 Buchholz"]
[SourceTitle "playchess.com"]
[Source "ChessBase"]
[SourceQuality "1"]
[TimeControl "180+2"]

1. d4 d5 2. Nc3 Nf6 3. Bf4 a6 4. e3 e6 5. Bd3 c5 6. dxc5 Bxc5 7. Nf3 Nc6 8. O-O O-O 9. e4 d4 10. Ne2 Qe7 11. e5 Nd5 12. Bg3 f6 13.
exf6 Nxf6 14. c3 e5 15. cxd4 exd4 16. Re1 Qd8 17. Ne5 Bg4 18. Nxg4 Nxg4 19. Qb3+ Kh8 20. Qxb7 Nb4 21. Rad1 Ra7 22. Qe4 Nf6 23. Qe5 Nxd3 24. Rxd3 Bb6 25. Nxd4 Re8 26. Ne6 Qxd3 27. Qg5 Qg6 28. Qe5 Rae7 29. Nf4 Qf7 0-1

[Event "FIDE Women World Blitz 2021"]
[Site "Warsaw"]
[Date "2021.12.29"]
[Round "2.8"]
[White "Sandu, Mihaela"]
[Black "Jarocka, Liwia"]
[Result "0-1"]
[ECO "B58"]
[WhiteElo "2244"]
[BlackElo "1851"]
[Annotator "NA"]
[PlyCount "79"]
[EventDate "2021.12.29"]
[EventType "swiss"]
[EventCountry "POL"]
[Tiebreak "Cut1 Buchholz"]
[SourceTitle "playchess.com"]
[Source "ChessBase"]
[SourceQuality "1"]
[TimeControl "180+2"]

1. e4 c5 2. Nf3 d6 3. d4 cxd4 4. Nxd4 Nf6 5. Nc3 Nc6 6. Be2 e5 7. Nf3 h6 8. O-O Be7 9. Re1 O-O 10. h3 Be6 11. Bf1 Rc8 12. Nd5 Bxd5 13.
exd5 Nb4 14. c4 a5 15. b3 Na6 16. a3 Nd7 17. Bd2 f5 18. b4 Bf6 19. Bc3 Qe8 20. Rc1 Qg6 21. c5 e4 22. Nd4 dxc5 23. bxc5 Ndxc5 24. d6 Rfd8 25. Bc4+ Kh8 26. Be6 Bxd4 27. Bxc8 Bxc3 28. Rxc3 Rxc8 29. Qd5 Rd8 30. Rxc5 Nxc5 31. Qxc5 Qxd6 32. Qxf5 Qxa3 33.
Rxe4 Qc1+ 34. Kh2 Qc7+ 35. g3 b6 36. Qg6 Qc5 37. Rf4 Qd6 38.
Qg4 b5 39. Rf5 Rb8 40. Rf7 0-1

[Event "FIDE Women World Blitz 2021"]
[Site "Warsaw"]
[Date "2021.12.29"]
[Round "2.9"]
[White "Zhukova, Natalia"]
[Black "Efroimski, Marsel"]
[Result "0-1"]
[ECO "A40"]
[WhiteElo "2331"]
[BlackElo "2419"]
[Annotator "NA"]
[PlyCount "79"]
[EventDate "2021.12.29"]
[EventType "swiss"]
[EventCountry "POL"]
[Tiebreak "Cut1 Buchholz"]
[SourceTitle "playchess.com"]
[Source "ChessBase"]
[SourceQuality "1"]
[TimeControl "180+2"]

1. d4 e6 2. c4 b6 3. Nc3 Bb7 4. a3 f5 5. d5 Na6 6. g3 Nf6 7. Bg2 Nc5 8. Nf3 Nce4 9. Nxe4 fxe4 10. Nh4 exd5 11. cxd5 Bxd5 12. Nf5 g6 13. Nh6 Bg7 14. O-O Qe7 15.
Bg5 Bc6 16. Rc1 Qe6 17. b4 Qe5 18. h4 Qe6 19. b5 Bxb5 20.
Rxc7 Bc6 21. Qd2 Nd5 22. Rxc6 dxc6 23. Kh2 Bc3 24. Qc2 Bf6 25. Bxe4 Bxg5 26. hxg5 O-O-O 27. Rc1 Kb7 28. f4 Rhe8 29. Bf3 Rd6 30. Qb2 Qe3 31. Rd1 Qf2+ 32. Kh1 Qxg3 33. Qg7+ Re7 34. Qxe7+ Nxe7 35. Rxd6 Nd5 36. Rd7+ Ka6 37. Rxh7 Qxf4 38. Nf7 Ne3 39. Bxc6 Qf1+ 40. Kh2 0-1

[Event "FIDE Women World Blitz 2021"]
[Site "Warsaw"]
[Date "2021.12.29"]
[Round "2.9"]
[White "Budkiewicz, Magdalena"]
[Black "Bivol, Alina"]
[Result "0-1"]
[ECO "C02"]
[WhiteElo "1624"]
[BlackElo "2377"]
[Annotator "NA"]
[PlyCount "56"]
[EventDate "2021.12.29"]
[EventType "swiss"]
[EventCountry "POL"]
[Tiebreak "Cut1 Buchholz"]
[SourceTitle "playchess.com"]
[Source "ChessBase"]
[SourceQuality "1"]
[TimeControl "180+2"]

1. e4 e6 2. d4 d5 3. e5 c5 4. Nf3 Nc6 5. Bd3 cxd4 6. O-O Nge7 7. Bf4 Ng6 8.
Bg3 Be7 9. Nbd2 O-O 10. Nb3 f5 11. exf6 Bxf6 12. Bxg6 hxg6 13. Nfxd4 e5 14. Nb5 Bf5 15. Re1 d4 16. Na3 Qd5 17. Qe2 Rac8 18.
Rad1 Rfd8 19. Qd2 b5 20. c3 a6 21. cxd4 exd4 22. Nc2 Qf7 23.
Nb4 Nxb4 24. Qxb4 d3 25. Rd2 Re8 26. Red1 Rc2 27. Nd4 Bxd4 28. Qxd4 Rxd2 0-1

[Event "FIDE Women World Blitz 2021"]
[Site "Warsaw"]
[Date "2021.12.29"]
[Round "2.10"]
[White "Sliwicka, Alicja"]
[Black "Parol, Pola"]
[Result "1-0"]
[ECO "B36"]
[WhiteElo "2303"]
[BlackElo "1823"]
[Annotator "NA"]
[PlyCount "69"]
[EventDate "2021.12.29"]
[EventType "swiss"]
[EventCountry "POL"]
[Tiebreak "Cut1 Buchholz"]
[SourceTitle "playchess.com"]
[Source "ChessBase"]
[SourceQuality "1"]
[TimeControl "180+2"]

1. e4 c5 2. Ne2 Nc6 3. d4 cxd4 4. Nxd4 g6 5. c4 Nf6 6. Nc3 Nxd4 7. Qxd4 d6 8. Be3 Bg7 9. f3 O-O 10. Qd2 a5 11. b3 Nd7 12. Be2 a4 13.
b4 Ne5 14. Rc1 Be6 15. Nd5 Bxd5 16. cxd5 f5 17. O-O Qd7 18. f4 Ng4 19. Bxg4 fxg4 20. Bd4 Bxd4+ 21. Qxd4 Rac8 22. e5 Rxc1 23.
Rxc1 dxe5 24. fxe5 Rd8 25. Rd1 Qf5 26. d6 exd6 27. exd6 Qd7 28. Qd5+ Kh8 29. b5 Rc8 30. Re1 Rd8 31. Qd4+ Kg8 32. Re7 Qxe7 33. dxe7 Rxd4 34. e8=Q+ Kg7 35. Qe5+ 1-0

[Event "FIDE Women World Blitz 2021"]
[Site "Warsaw"]
[Date "2021.12.29"]
[Round "2.10"]
[White "Kazarian, Anna-Maja"]
[Black "Muzychuk, Mariya"]
[Result "0-1"]
[ECO "B40"]
[WhiteElo "2138"]
[BlackElo "2536"]
[Annotator "ChessBase"]
[PlyCount "90"]
[EventDate "2021.12.29"]
[EventType "swiss"]
[EventCountry "POL"]
[Tiebreak "Cut1 Buchholz"]
[SourceTitle "playchess.com"]
[Source "ChessBase"]
[SourceQuality "1"]
[TimeControl "180+2"]

1. e4 c5 2. Nf3 e6 3. d4 cxd4 4. Nxd4 Nf6 5. Bd3 Nc6 6. Nb3 d5 7. exd5 Nxd5 8. O-O Be7 9. a3 O-O 10. Re1 e5 11. Bd2 Be6 12. Qf3 f5 13.
c4 Nb6 14. Bf1 Nxc4 15. Bc3 Qb6 16. N1d2 Nxd2 17. Nxd2 Bf6 18. Bc4 Bxc4 19. Nxc4 Qc5 20. Ne3 g6 21. Rac1 Qb5 22. Qd5+ Qxd5 23. Nxd5 Bg7 24. Nc7 Rac8 25. Ne6 Rfe8 26. Nxg7
Kxg7 27. f4 Kf7 28. Bxe5 Nxe5 29. Rxc8 Rxc8 30. fxe5 Ke6 31. Kf2 Rc2+ 32. Re2 Rxe2+ 33. Kxe2 Kxe5 34. Ke3 g5 35. g3 h5 36. h4 gxh4 37. gxh4 f4+ 38. Kf3 b5 39. Kf2 Ke4 40. Ke2 a5 41. Kf2 a4 42. Ke2 f3+ 43. Kf2 Kf4 44. Kf1 Kg3 45.
Kg1 Kxh4 0-1

[Event "FIDE Women World Blitz 2021"]
[Site "Warsaw"]
[Date "2021.12.29"]
[Round "2.11"]
[White "Injac, Teodora"]
[Black "Atalik, Ekaterina"]
[Result "1/2-1/2"]
[ECO "A11"]
[WhiteElo "2387"]
[BlackElo "2430"]
[Annotator "NA"]
[PlyCount "161"]
[EventDate "2021.12.29"]
[EventType "swiss"]
[EventCountry "POL"]
[Tiebreak "Cut1 Buchholz"]
[SourceTitle "playchess.com"]
[Source "ChessBase"]
[SourceQuality "1"]
[TimeControl "180+2"]

1. Nf3 d5 2. g3 c6 3. Bg2 Nf6 4. O-O Bf5 5. c4 e6 6. Qb3 Qb6 7. d3 Qxb3 8. axb3 Nbd7 9. Bd2 h6 10. Bc3 Be7 11. Nbd2 O-O 12. b4 a6 13. Nb3 dxc4 14. dxc4 Ne4 15. Na5 Nxc3 16. bxc3 Rab8 17. c5 Bf6 18. Nd4 Bg6 19. Rfd1 Ne5 20. h3 Bh7 21. f4 Ng6 22. e3 e5 23. Ndxc6 bxc6 24. Nxc6 Rbc8 25. f5 Ne7 26. Nxe7+
Bxe7 27. Be4 g6 28. g4 gxf5 29. gxf5 Bxc5 30. bxc5 Rxc5 31. Rxa6 Rxc3 32. Kf2 f6 33. Rd7 Kh8 34. Raa7 Bg8 35. Bd5 Rd3 36. e4 Rb8 37. Ke2 Rxh3 38. Kf2 Rc3 39. Ra2 Rbc8 40. Bxg8 Kxg8 41. Rd6 Rc2+ 42. Rxc2 Rxc2+ 43. Kf3
Kf7 44. Rd7+ Ke8 45. Rh7 Rh2 46. Kg3 Rh1 47. Kg2 Rh4 48. Kf3 h5 49. Rh6 Kf7 50. Rh7+ Kg8 51. Rb7 Rf4+ 52. Ke3 h4 53. Rc7 h3 54. Rc2 Kf7 55. Rh2 Rh4 56. Kf3 Ke7 57.
Kg3 Rxe4 58. Kxh3 Rf4 59. Rd2 Rxf5 60. Kg3 Ke6 61. Kg4 Rf4+ 62. Kg3 Ra4 63. Rb2 Kf5 64. Rb3 Kg5 65. Re3 e4 66. Rb3 f5 67. Rc3 f4+ 68. Kh3 e3 69. Rc5+ Kf6 70. Kg2 Re4 71. Rc1 e2 72. Re1 Kf5 73. Kf2 Kg4 74. Rg1+ Kf5 75. Re1 Re3 76. Rxe2 Ke4 77. Rxe3+ fxe3+ 78. Ke2 Kf4 79. Ke1 Kf3 80. Kf1 e2+ 81. Ke1 1/2-1/2

[Event "FIDE Women World Blitz 2021"]
[Site "Warsaw"]
[Date "2021.12.29"]
[Round "2.11"]
[White "Kovanova, Baira"]
[Black "Brambilla, Renee Blandy T."]
[Result "1-0"]
[ECO "B30"]
[WhiteElo "2331"]
[BlackElo "1651"]
[Annotator "NA"]
[PlyCount "45"]
[EventDate "2021.12.29"]
[EventType "swiss"]
[EventCountry "POL"]
[Tiebreak "Cut1 Buchholz"]
[SourceTitle "playchess.com"]
[Source "ChessBase"]
[SourceQuality "1"]
[TimeControl "180+2"]

1. e4 c5 2. Nf3 Nc6 3. Bb5 e6 4. O-O Nge7 5. Re1 a6 6. Bf1 g6 7. d3 Bg7 8. Nc3 O-O 9. e5 b5 10. Bf4 Bb7 11. Ne4 Rc8 12. Nxc5 Rc7 13.
Nxb7 Rxb7 14. Qd2 Nd5 15. Bh6 Rc7 16. d4 Qc8 17. c3 b4 18. c4 Nb6 19. b3 a5 20. Rac1 Rd8 21. d5 Ne7 22. Bxg7 Kxg7 23. d6 1-0

[Event "FIDE Women World Blitz 2021"]
[Site "Warsaw"]
[Date "2021.12.29"]
[Round "2.12"]
[White "Vantika Agrawal"]
[Black "Berend, Elvira"]
[Result "1-0"]
[ECO "E16"]
[WhiteElo "2329"]
[BlackElo "2328"]
[Annotator "NA"]
[PlyCount "109"]
[EventDate "2021.12.29"]
[EventType "swiss"]
[EventCountry "POL"]
[Tiebreak "Cut1 Buchholz"]
[SourceTitle "playchess.com"]
[Source "ChessBase"]
[SourceQuality "1"]
[TimeControl "180+2"]

1. d4 Nf6 2. c4 e6 3. g3 Bb4+ 4. Nd2 O-O 5. Bg2 d5 6. Ngf3 b6 7. O-O Bb7 8. b3 dxc4 9. Nxc4 Bc3 10. Bb2 Bxb2 11. Nxb2 Nbd7 12. Nc4 Qe7 13. Rc1 c5 14. dxc5 Nxc5 15. Qd6 Qxd6 16. Nxd6 Bd5 17. Ne5 Rad8 18. Ndc4 Bxg2 19. Kxg2 Rd5 20. b4 Na6 21. Nd3 Rfd8 22. a3 Ne8 23. Rc2 Nac7 24. Rfc1 Nb5 25. Nf4 Rd4 26. e3 Rd1 27. Rxd1 Rxd1 28. a4 Nbc7 29. Ne5 f6 30. Nc6 a6 31. Ne2 Rb1 32. Ned4 g6 33. h4 e5 34. Ne2 Ra1 35. a5 bxa5 36. bxa5 Kf8 37. Nc3 h5 38. Ne4 Ra4 39. Nc5 Ra1 40. Nd7+ Kf7 41. Nb6 Ne6 42. Rd2 Nc5 43. Nd8+ Ke7 44. Nc8+ Kf8 45. Nc6 Nb7 46. Rd7 Nxa5 47. Nd8 Nc6 48. Nxc6 Rc1 49. N8a7 a5 50. Nxa5 Rc5 51. Nb3 Rc3 52. Nd2 f5 53. Nf3 Rc5 54. Ng5 Ng7 55. Rxg7 1-0

[Event "FIDE Women World Blitz 2021"]
[Site "Warsaw"]
[Date "2021.12.29"]
[Round "2.12"]
[White "Szczotka, Klara"]
[Black "Rakhmangulova, Anastasiya"]
[Result "0-1"]
[ECO "E90"]
[WhiteElo "1584"]
[BlackElo "2174"]
[Annotator "NA"]
[PlyCount "75"]
[EventDate "2021.12.29"]
[EventType "swiss"]
[EventCountry "POL"]
[Tiebreak "Cut1 Buchholz"]
[SourceTitle "playchess.com"]
[Source "ChessBase"]
[SourceQuality "1"]
[TimeControl "180+2"]

1. d4 Nf6 2. c4 c5 3. d5 e6 4. Nc3 d6 5. e4 g6 6. h3 Bg7 7. Nf3 O-O 8. Be3 Na6 9. Be2 e5 10. g4 Nc7 11. a4 a6 12. Nd2 Rb8 13. g5 Nfe8 14. h4 Bd7 15.
a5 b5 16. axb6 Rxb6 17. Qc2 Qb8 18. b3 f5 19. f3 Qd8 20.
Nd1 Rb8 21. Bf2 Ra8 22. Ne3 a5 23. Ra2 Na6 24. Qc3 Nb4 25.
Ra1 a4 26. bxa4 Rxa4 27. Rxa4 Bxa4 28. Qa3 Bd7 29. Qb3 Qa5 30. Bd1 Nc7 31. Nc2 Rb8 32. Nxb4 Rxb4 33. Qc2 Ba4 34. Qc1 Bxd1 35. Qxd1 Rb2 36. Be3 Na6 37. O-O f4 38. Nb3 0-1

[Event "FIDE Women World Blitz 2021"]
[Site "Warsaw"]
[Date "2021.12.29"]
[Round "2.13"]
[White "Vaishali R"]
[Black "Zawadzka, Jolanta"]
[Result "1-0"]
[ECO "D02"]
[WhiteElo "2405"]
[BlackElo "2429"]
[Annotator "NA"]
[PlyCount "65"]
[EventDate "2021.12.29"]
[EventType "swiss"]
[EventCountry "POL"]
[Tiebreak "Cut1 Buchholz"]
[SourceTitle "playchess.com"]
[Source "ChessBase"]
[SourceQuality "1"]
[TimeControl "180+2"]

1. d4 d5 2. Bf4 Nf6 3. e3 c5 4. Nf3 Nc6 5. Nbd2 cxd4 6.
exd4 Bf5 7. Bb5 e6 8. Ne5 Rc8 9. g4 Bg6 10. h4 h6 11. Nxg6 fxg6 12. c3 Bd6 13.
Bxd6 Qxd6 14. Qe2 O-O 15. g5 Nh5 16. gxh6 gxh6 17. Bxc6 Rxc6 18. O-O-O Nf4 19. Qe3 b5 20. Kb1 b4 21. Rc1 bxc3 22. Rxc3 Rfc8 23. Rxc6 Rxc6 24. Nf3 Rc7 25. Ne5 Qf8 26. Rg1 Qf5+ 27. Ka1 Kh7 28.
a3 Rc2 29. Rc1 g5 30. hxg5 hxg5 31. Rh1+ Kg7 32. Qb3 Rc7 33. Qb8 1-0

[Event "FIDE Women World Blitz 2021"]
[Site "Warsaw"]
[Date "2021.12.29"]
[Round "2.13"]
[White "Paramzina, Anastasya"]
[Black "Zabrzanska, Weronika"]
[Result "0-1"]
[ECO "C54"]
[WhiteElo "2260"]
[BlackElo "1596"]
[Annotator "NA"]
[PlyCount "72"]
[EventDate "2021.12.29"]
[EventType "swiss"]
[EventCountry "POL"]
[Tiebreak "Cut1 Buchholz"]
[SourceTitle "playchess.com"]
[Source "ChessBase"]
[SourceQuality "1"]
[TimeControl "180+2"]

1. e4 e5 2. Nf3 Nc6 3. Bc4 Bc5 4. O-O Nf6 5. d3 d6 6. c3 a5 7. Re1 O-O 8. Nbd2 Ng4 9. Re2 Kh8 10. h3 Nh6 11. Nf1 f5 12. Bxh6 gxh6 13.
exf5 Bxf5 14. Bd5 Qc8 15. d4 exd4 16. cxd4 Bb6 17. Ng3 Nb4 18. Nxf5 Nxd5 19. Ne7 Nxe7 20. Rxe7 Qd8 21. Re6 Rf6 22. Re3 Qg8 23. Qe2 Raf8 24. Re1 Qg6 25. Qd2 Rxf3 26. Re7 R3f7 27. R7e6 Qg7 28. Rxh6 Rxf2 29. Qxf2 Rxf2 30. Re8+ Rf8 31.
Rhe6 Kg8 32. Kh1 Bxd4 33. R6e7 Qg3 34. Rxf8+ Kxf8 35. Rxc7 Be5 36. Rc8+ Ke7 0-1

[Event "FIDE Women World Blitz 2021"]
[Site "Warsaw"]
[Date "2021.12.29"]
[Round "2.14"]
[White "Kucharska, Honorata"]
[Black "Shuvalova, Polina"]
[Result "0-1"]
[ECO "E54"]
[WhiteElo "2168"]
[BlackElo "2515"]
[Annotator "ChessBase"]
[PlyCount "71"]
[EventDate "2021.12.29"]
[EventType "swiss"]
[EventCountry "POL"]
[Tiebreak "Cut1 Buchholz"]
[SourceTitle "playchess.com"]
[Source "ChessBase"]
[SourceQuality "1"]
[TimeControl "180+2"]

1. d4 Nf6 2. c4 e6 3. Nc3 Bb4 4. e3 O-O 5. Bd3 d5 6. Nf3 dxc4 7. Bxc4 c5 8.
O-O cxd4 9. exd4 b6 10. a3 Bxc3 11. bxc3 Qc7 12. Qe2 Bb7 13. Ne5 Nbd7 14. Bf4 Nxe5 15. Bxe5 Qc6 16. f3 Rac8 17. Bd3 Qxc3 18. Rfc1 Qxc1+ 19. Rxc1 Rxc1+ 20. Kf2 Rfc8 21.
Bxf6 gxf6 22. Qe3 Rd1 23. Kg3 Bd5 24. Ba6 Rc2 25. Qf4 Rg1 26.
Qxf6 Rgxg2+ 27. Kf4 Rcf2 28. Qd8+ Kg7 29. Ke5 Rxf3 30. Qe7 Rf5+ 31. Kd6 Rg4 32. Kc7 Rxd4 33. Bb5 Be4 34. a4 Rc5+ 35. Kb8 Rcd5 36. Qa3 0-1

[Event "FIDE Women World Blitz 2021"]
[Site "Warsaw"]
[Date "2021.12.29"]
[Round "2.15"]
[White "Gaponenko, Inna"]
[Black "Gaboyan, Susanna"]
[Result "1/2-1/2"]
[ECO "B22"]
[WhiteElo "2339"]
[BlackElo "2253"]
[Annotator "NA"]
[PlyCount "140"]
[EventDate "2021.12.29"]
[EventType "swiss"]
[EventCountry "POL"]
[Tiebreak "Cut1 Buchholz"]
[SourceTitle "playchess.com"]
[Source "ChessBase"]
[SourceQuality "1"]
[TimeControl "180+2"]

1. e4 c5 2. c3 d5 3. exd5 Qxd5 4. d4 Nc6 5. Nf3 cxd4 6. cxd4 e5 7. Nc3 Bb4 8. Bd2 Bxc3 9. Bxc3 e4 10. Ne5 Nxe5 11. dxe5 Ne7 12. Qa4+ Bd7 13. Qb4 a5 14. Qd6 Qxd6 15. exd6 Nf5 16. O-O-O O-O 17. g4 Nh4 18. h3 b5 19. Be2 Ng6 20. Rd4 Nf4 21. Bf1 b4 22. Bd2 Ne6 23.
Rc4 Rac8 24. Kb1 Rxc4 25. Bxc4 Rc8 26. Rc1 Rc6 27. Bxe6 Rxc1+ 28. Kxc1 Bxe6 29. b3 Kf8 30. Be3 Ke8 31. Bb6 a4 32. bxa4 Bxa2 33. Bc5 Kd7 34. Bxb4 Kc6 35. Kd2 Be6 36. Ke3 h5 37. gxh5 Bxh3 38. Kxe4 Bg4 39. a5 Bxh5 40. a6 Bg4 41. a7 Kb7 42. Bc5 Bd7 43. Ke5 Bc6 44. f4 Kc8 45. f5 Kd7 46. f6 gxf6+ 47. Kxf6 Bd5 48. Bb4 Bc6 49. Kxf7 Bb7 50. Kf6 Ba8 51. Ke5 Bb7 52. Kd4 Kc6 53.
Ba3 Ba8 54. Ke5 Kd7 55. Bc5 Bb7 56. Bb6 Ba8 57. Bc7 Bb7 58.
Kd4 Kc6 59. Kc4 Ba8 60. Kb4 Bb7 61. Ka5 Ba8 62. Bb8 Bb7 63.
Kb4 Ba8 64. Kc4 Bb7 65. Kd4 Ba8 66. Ke5 Kd7 67. Kf6 Bb7 68.
Bc7 Ba8 69. Ke5 Bb7 70. Kd4 Kc6 1/2-1/2

[Event "FIDE Women World Blitz 2021"]
[Site "Warsaw"]
[Date "2021.12.29"]
[Round "2.16"]
[White "Muetsch, Annmarie"]
[Black "Kamalidenova, Meruert"]
[Result "0-1"]
[ECO "B23"]
[WhiteElo "2279"]
[BlackElo "2339"]
[Annotator "NA"]
[PlyCount "122"]
[EventDate "2021.12.29"]
[EventType "swiss"]
[EventCountry "POL"]
[Tiebreak "Cut1 Buchholz"]
[SourceTitle "playchess.com"]
[Source "ChessBase"]
[SourceQuality "1"]
[TimeControl "180+2"]

1. e4 c5 2. Nc3 Nc6 3. Bb5 Nd4 4. Nf3 g6 5. Bc4 Bg7 6.
Nxd4 cxd4 7. Qf3 e6 8. Nb5 Qb6 9. Qg3 e5 10. Qa3 Bf8 11.
Qf3 d5 12. Bxd5 Be6 13. Bxe6 fxe6 14. a4 Rc8 15. Qb3 Nf6 16. a5 Qc6 17. d3 Kf7 18. c3 dxc3 19. Nxc3 Rd8 20. Na4 Qd7 21. Be3 Qxd3 22. Qxd3 Rxd3 23. Ke2 Rb3 24. f3 Be7 25. Rhd1 Rc8 26. Rac1 Rxc1 27. Bxc1 Rb5 28. Bd2 Bb4 29. Bxb4 Rxb4 30. Ra1 Rb5 31. Kd3 Rxa5 32. b4 Ra6 33. b5 Ra5 34. Kc4 Nd7 35. Kb4 b6 36.
Rd1 Ke7 37. Rc1 h5 38. Rc7 Kd6 39. Rc8 Ke7 40. Rg8 Kf7 41. Rh8 Ke7 42. Rh7+ Kd6 43. Rg7 a6 44. Nc3 axb5 45. Nxb5+ Kc6 46. Nc3 Ra1 47. Rxg6 Nc5 48. g4 hxg4 49. fxg4 Rh1 50. Rh6 Nd3+ 51. Kc4 Nf4 52. g5 Rg1 53. h4 Rg4 54. Nb5 Rg3 55. Na7+ Kb7 56. Rh7+ Kb8 57. Nc6+ Kc8 58. Kb5 Rb3+ 59. Ka6 Nd3 60. Na7+ Kd8 61. g6 Nc5# 0-1

[Event "FIDE Women World Blitz 2021"]
[Site "Warsaw"]
[Date "2021.12.29"]
[Round "2.17"]
[White "Goraj, Barbara"]
[Black "Danielian, Elina"]
[Result "0-1"]
[ECO "B07"]
[WhiteElo "1902"]
[BlackElo "2450"]
[Annotator "ChessBase"]
[PlyCount "102"]
[EventDate "2021.12.29"]
[EventType "swiss"]
[EventCountry "POL"]
[Tiebreak "Cut1 Buchholz"]
[SourceTitle "playchess.com"]
[Source "ChessBase"]
[SourceQuality "1"]
[TimeControl "180+2"]

1. e4 d6 2. d4 Nf6 3. Nc3 c6 4. Nf3 Bg4 5. h3 Bh5 6. Be3 e6 7. Bd3 d5 8. e5 Nfd7 9. Ne2 Bxf3 10. gxf3 c5 11. c3 Nc6 12. Rc1 a6 13. h4 h5 14. Bg5 Be7 15.
Rg1 g6 16. Bb1 Qb6 17. Bxe7 Nxe7 18. Qd2 cxd4 19. cxd4 Nc6 20. f4 Qa5 21. Rg3 Qxd2+ 22. Kxd2 Ke7 23. Rgc3 Rhc8 24. Ke3 Nb6 25. b3 Nd7 26. Ng1 Rc7 27. Nf3 Rac8 28. Ne1 Kd8 29. a3 Na5 30. Kd2 Nxb3+ 31. Rxb3 Rxc1 32. Rxb7 R1c7 33. Rb2 Rb8 34. Rxb8+ Nxb8 35. Nd3 Nc6 36. Ke3 Rb7 37. Bc2 a5 38. Nc5 Rb2 39. Bd3 Ra2 40. a4 Nb4 41. Bb5 Ra3+ 42.
Kd2 Rh3 43. Nb7+ Kc7 44. Nxa5 Rxh4 45. Kc3 Na2+ 46. Kb2 Rxf4 47. Kxa2 h4 48. Nb3 h3 49. a5 h2 50. a6 h1=Q 51. Nc5 Kb6 0-1

[Event "FIDE Women World Blitz 2021"]
[Site "Warsaw"]
[Date "2021.12.29"]
[Round "2.18"]
[White "Assaubayeva, Bibisara"]
[Black "Serikbay, Assel"]
[Result "1-0"]
[ECO "D11"]
[WhiteElo "2400"]
[BlackElo "2237"]
[Annotator "NA"]
[PlyCount "61"]
[EventDate "2021.12.29"]
[EventType "swiss"]
[EventCountry "POL"]
[Tiebreak "Cut1 Buchholz"]
[SourceTitle "playchess.com"]
[Source "ChessBase"]
[SourceQuality "1"]
[TimeControl "180+2"]

1. d4 d5 2. c4 c6 3. Nf3 Nf6 4. e3 a6 5. Nbd2 g6 6. Be2 Bg7 7. O-O O-O 8.
Ne5 Nbd7 9. Ndf3 Ne4 10. Qb3 e6 11. Rd1 Qc7 12. Nxd7 Bxd7 13. Bd2 dxc4 14. Qxc4 b5 15. Qc2 Nxd2 16. Rxd2 Rac8 17. Rc1 Qa5 18. a3 Rfd8 19. Rd3 e5 20. dxe5 c5 21. Rcd1 Qc7 22. Rd6 c4 23. Qd2 c3 24. bxc3 Qxc3 25. Rxd7 Qxd2 26. R7xd2 Rxd2 27. Rxd2 Rc3 28. g4 Rxa3 29. Rd8+ Bf8 30. e6 fxe6 31. Ng5 1-0

[Event "FIDE Women World Blitz 2021"]
[Site "Warsaw"]
[Date "2021.12.29"]
[Round "2.19"]
[White "Padmini, Rout"]
[Black "Antolak, Julia"]
[Result "0-1"]
[ECO "A30"]
[WhiteElo "2353"]
[BlackElo "2334"]
[Annotator "NA"]
[PlyCount "110"]
[EventDate "2021.12.29"]
[EventType "swiss"]
[EventCountry "POL"]
[Tiebreak "Cut1 Buchholz"]
[SourceTitle "playchess.com"]
[Source "ChessBase"]
[SourceQuality "1"]
[TimeControl "180+2"]

1. Nf3 Nf6 2. g3 e6 3. Bg2 c5 4. O-O Be7 5. c4 O-O 6. b3 Nc6 7. Bb2 b6 8. d4 cxd4 9. Nxd4 Bb7 10. Nc3 Rc8 11. Ndb5 Ne8 12. Nxa7 Ra8 13. Nab5 Qc8 14. Qd2 Nb4 15. Bxb7 Qxb7 16. Rfd1 d6 17. a3 Nc6 18. Qe3 Na5 19. Ne4 d5 20. cxd5 exd5 21. Nd2 Bf6 22. Bxf6 Nxf6 23. Qd3 Rad8 24. Rac1 Qe7 25. Rc7 Qe6 26. Rdc1 Rfe8 27. Nd4 Qd6 28. Nb5 Qe6 29. e3 Ne4 30. Nf1 Qf6 31. R7c2 Nb7 32. Nd4 Nbc5 33. Qd1 Ra8 34. b4 Ne6 35. Nxe6 Qxe6 36. Qd3 Qf5 37. Rd1 Rad8 38. Re2 Qe6 39. f3 Ng5 40. Kf2 Qf6 41. Nd2 Ne4+ 42. Nxe4 dxe4 43. Qc2 Qxf3+ 44. Kg1 Rxd1+ 45. Qxd1 h6 46. Qe1 Rd8 47. Rd2 Rc8 48. Rd1 Rc2 49. Rd2 Rc8 50. a4 Qf6 51. a5 bxa5 52.
bxa5 Qa6 53. Ra2 Rb8 54. Qd2 Rb1+ 55. Kg2 Qf1# 0-1